 Seeded DCSS version 0.29-a0-359-g541a27f54d (webtiles) character file.

Game seed: 9708579739092153053 (custom seed)

35 AlmostDecent the Bolt Thrower (level 3, 0/21 HPs)
             Began as a Tengu Hunter on Apr 28, 2022.
             Slain by a gnoll
             ... wielding a +0 halberd
              (14 damage)
             ... on level 2 of the Dungeon.
             The game lasted 00:01:47 (758 turns).

AlmostDecent the Bolt Thrower (Tengu Hunter)         Turns: 758, Time: 00:01:48

Health: 0/21       AC:  3    Str: 11    XL:     3   Next: 33%
Magic:  4/4        EV: 12    Int:  9    God:
Gold:   39         SH:  0    Dex: 19    Spells: 2/2 levels left

rFire   . . .      SeeInvis .   a - +1 hand crossbow
rCold   . . .      Faith    .   (no shield)
rNeg    . . .      Spirit   .   b - +0 leather armour
rPois   .          Reflect  .   (helmet restricted)
rElec   .          Harm     .   (no cloak)
rCorr   .          Rampage  .   (no gloves)
Will    .....                   (boots unavailable)
Stlth   ++........              (no amulet)
HPRegen 0.07/turn               (no ring)
MPRegen 0.09/turn               (no ring)

@: no status effects
A: beak, talons 3
a: no special abilities


You were on level 2 of the Dungeon.
You visited 1 branch of the dungeon, and saw 2 of its levels.

You collected 39 gold pieces.

Inventory:

Hand Weapons
 a - a +1 hand crossbow (weapon)
Armour
 b - a +0 leather armour (worn)
Scrolls
 c - a scroll of immolation
 d - 2 scrolls of magic mapping {unknown}
 e - a scroll of blinking {unknown}
 f - a scroll of silence {unknown}
 g - 3 scrolls of acquirement {unknown}
 h - a scroll of vulnerability {unknown}


   Skills:
 + Level 2.0 Fighting
 * Level 5.4 Crossbows
 + Level 0.2 Armour
 + Level 2.3 Dodging
 + Level 1.0 Stealth


You had 2 spell levels left.
You didn't know any spells.
Your spell library was empty.

Dungeon Overview and Level Annotations

Branches:
Dungeon (2/15)

Altars:


Innate Abilities, Weirdness & Mutations

You have a beak for a mouth.
You have claws for feet.


Message History

You shoot a bolt. The gnoll shouts!
The bolt hits the gnoll but does no damage.
You hear a shout!
You shoot a bolt. The bolt hits the gnoll!
The gnoll is heavily wounded.
You shoot a bolt.
The bolt hits the gnoll but does no damage.
The gnoll is heavily wounded.
You shoot a bolt. The bolt hits the gnoll.
The gnoll is almost dead.
You shoot a bolt. The bolt closely misses the gnoll.
A gnoll comes into view. It is wielding a +3 flail.
The gnoll hits you from afar with a +0 halberd!
Ouch! That really hurt!
A gnoll comes into view. It is wielding a +0 flail.
You are too injured to fight recklessly!
You are too injured to fight recklessly!
The gnoll shouts!
There is a stone staircase leading up here.
The gnoll hits you from afar with a +0 halberd.
* * * LOW HITPOINT WARNING * * *
You climb upwards.
There is a stone staircase leading down here.
You start resting.
HP restored.
You climb downwards.
There is a stone staircase leading up here.
There is a stone staircase leading up here.
You shoot a bolt. The bolt barely misses the gnoll.
The bolt hits the gnoll!
The gnoll is heavily wounded.
You shoot a bolt. The bolt hits the gnoll!
The gnoll is heavily wounded.
The gnoll barely misses you.
The gnoll hits you from afar with a +0 halberd!
You shoot a bolt. The bolt hits the gnoll.
The gnoll is severely wounded.
The gnoll hits you from afar with a +0 halberd!
Ouch! That really hurt!
You die...

.. ##.. ...##
#####..)## #
........ ?##
#.##..# ...#
#.##<##...##
#..gg......#
#@##........#
........##..#...)..
###.#...#...#......
.....#...# ...##
#.##..#...# .....
..[ #..#.... .##.
### #....... .#
...#


You could see 2 gnolls.

Vanquished Creatures
  A gnoll (D:2)
  2 dart slugs (D:1)
  A ball python (D:1)
  An endoplasm (D:1)
  A giant cockroach (D:1)
  2 goblins (D:1)
  3 hobgoblins (D:1)
  2 quokkas (D:1)
  2 bats (D:1)
  3 kobolds
  2 rats (D:1)
20 creatures vanquished.

Notes
Turn   | Place    | Note
-------+----------+-------------------------------------------
     0 | D:1      | AlmostDecent the Tengu Hunter began the quest for the Orb.
     0 | D:1      | Reached XP level 1. HP: 12/12 MP: 2/2
    93 | D:1      | Reached XP level 2. HP: 17/17 MP: 3/3
   196 | D:1      | Reached skill level 5 in Crossbows
   392 | D:1      | Reached XP level 3. HP: 21/21 MP: 4/4
   758 | D:2      | Slain by a gnoll

Illustrated notes

Levels and vault maps discovered:
D:1:      mrwooster_arrival_arrow, layout_basic
D:2:      layout_basic, basic_altar, minmay_fractal_squares_gapless_5

Skill      XL: |  1  2 |
---------------+-------+-----
Crossbows      | 5 |  5.4
Fighting       | |  2.0
Armour         | |  0.2
Dodging        | |  2.3
Stealth        | |  1.0

Action                   || total
-------------------------++-------
 Fire: Hand crossbow     ||    48
Armor: Leather armour    ||     1
Dodge: Dodged            ||    11

Table legend: (Time is in decaauts)
 A = Elapsed time spent in this place.
 B = Non-inter-level travel time spent in this place.
 C = Inter-level travel time spent in this place.
 D = Time resting spent in this place.
 E = Time spent auto-exploring this place.
 F = Levels seen in this place.
 G = Mean time per level.
                   A        B        C        D        E       F      G
               +--------+--------+--------+--------+--------+-----+--------+
         Total |    772 |    756 |     16 |    235 |    409 |   2 |  386.0 |
       Dungeon |    772 |    756 |     16 |    235 |    409 |   2 |  386.0 |
               +--------+--------+--------+--------+--------+-----+--------+

Top non-repeatable levels by time:
     D:1: 742 daAuts
     D:2: 29 daAuts
